Map: [ESL] Data-C

Players

LiquidElazer (Elazer)

  • Race: Zerg Zerg
  • Spawn Location: 9:00

ShoWTimE - Winner!

  • Race: Protoss Protoss
  • Spawn Location: 3:00

Event: TSL 9

VOD

Have the link to the VOD?

Description

Time

  • Played on: July 30, 2022, 10:18 a.m.
  • Length: 12:45

All games in this series

Show
View Real Time Build Order
Export as new Build Order

LiquidElazer Zerg 

Build Orders: Hatch First 

Get SALT Encoding   

  12  0:00  Drone  
  13  0:12  Overlord  
  13  0:16  Drone  
  14  0:30  Drone x2  
  16  0:48  Hatchery  
  15  0:51  Drone  
  15  0:54  Drone  
  17  0:58  Drone  
  18  1:09  Extractor  
  17  1:13  Spawning Pool  
  17  1:18  Drone  
  17  1:21  Drone  
  18  1:29  Drone  
  19  1:38  Drone  
  20  1:50  Drone  
  21  2:01  Queen x2  
  21  2:02  Overlord  
  21  2:03  Zergling x2  
  26  2:11  Drone x2  
  26  2:14  Metabolic Boost  
  28  2:22  Drone x2  
  30  2:34  Hatchery  
  30  2:36  Drone  
  30  2:39  Drone  
  31  2:45  Queen  
  31  2:49  Overlord  
  34  2:51  Drone  
  34  2:57  Queen  
  36  3:05  Overlord  
  36  3:08  Drone x3  
  36  3:11  Drone  
  36  3:12  Drone  
  41  3:17  Drone  
  42  3:21  Queen  
  42  3:26  Drone x2  
  46  3:28  Spore Crawler  
  46  3:33  Overlord x2  
  45  3:47  Drone x3  
  45  3:48  Drone x2  
  50  3:51  Queen  
  50  3:52  Drone  
  53  3:56  Drone x3  
  53  4:00  Queen  
  53  4:01  Overlord  
  53  4:02  Zergling x2  
  59  4:06  Zergling x2  
  60  4:11  Zergling x4  
  62  4:19  Overlord  
  62  4:22  Drone x4  
  61  4:24  Drone x4  
  61  4:28  Drone x4  
  69  4:32  Drone  
  69  4:35  Drone  
  71  4:39  Extractor  
  71  4:40  Drone  
  71  4:44  Overlord  
  71  4:47  Drone  
  71  4:49  Lair  
  71  4:51  Queen  
  71  4:53  Drone x5  
  71  4:55  Drone x3  
  71  4:56  Drone  
  80  5:01  Drone  
  80  5:02  Drone x3, Extractor  
  83  5:08  Overlord  
  83  5:09  Extractor x2  
  83  5:13  Baneling Nest  
  80  5:15  Drone x2  
  80  5:18  Drone  
  83  5:21  Overlord  
  83  5:24  Zergling x12  
  88  5:29  Overlord  
  88  5:30  Zergling x8  
  92  5:37  Zergling x2  
  92  5:41  Zergling x4  
  95  5:45  Zergling x2  
  95  5:49  Zergling x2  
  97  5:51  Hydralisk Den  
  95  5:58  Zergling x2  
  95  5:59  Zergling x14  
  101  6:05  Zergling x8  
  101  6:10  Zergling x2  
  94  6:17  Zergling x2  
  94  6:18  Zergling x2  
  86  6:20  Drone x5, Overlord  
  89  6:29  Drone x3  
  90  6:35  Muscular Augments, Drone x2  
  90  6:37  Evolution Chamber  
  91  6:42  Drone, Hatchery  
  91  6:45  Drone x2  
  93  6:50  Overlord  
  93  6:51  Drone x6  
  99  6:59  Overlord  
  99  7:01  Hydralisk x2  
  99  7:05  Zerg Melee Weapons Level 1  
  99  7:06  Centrifugal Hooks  
  103  7:13  Hydralisk x5  
  112  7:17  Overseer  
  112  7:18  Hydralisk x6  
  124  7:24  Hydralisk  
  124  7:25  Hydralisk x2  
  130  7:35  Drone x2  
  132  7:42  Hydralisk x3  
  138  7:46  Grooved Spines  
  138  7:47  Overlord x5  
  130  8:01  Zergling x8  
  130  8:02  Zergling x8  
  130  8:05  Overseer  
  117  8:13  Hydralisk x9  
  117  8:17  Hydralisk  
  133  8:23  Hydralisk  
  133  8:24  Zergling x8  
  139  8:31  Zergling x8  
  139  8:41  Hydralisk x5  
  133  8:47  Overseer  
  133  8:48  Zergling x12  
  136  8:52  Hydralisk x3  
  131  9:00  Zergling x2, Hydralisk x2  
  131  9:01  Zergling x2  
  137  9:11  Hydralisk x3  
  137  9:12  Hatchery  
  137  9:13  Zergling x2  
  137  9:14  Zergling x10  
  147  9:20  Zergling x14  
  140  9:26  Hydralisk x3  
  137  9:33  Overseer  
  137  9:35  Hydralisk x4  
  137  9:37  Queen  
  132  9:42  Baneling x4  
  132  9:44  Baneling  
  132  9:47  Zergling x16  
  132  9:49  Queen  
  142  9:52  Baneling  
  142  9:53  Baneling x4  
  142  9:54  Zergling x8  
  145  10:00  Baneling x4  
  145  10:02  Zergling x8  
  147  10:10  Zergling x16  
  147  10:12  Zerg Melee Weapons Level 2  
  153  10:18  Zergling x12  
  153  10:19  Baneling  
  153  10:20  Baneling x3  
  159  10:25  Zergling x6  
  162  10:29  Zergling x8  
  162  10:32  Baneling  
  162  10:33  Baneling x6  
  162  10:35  Overlord x3  
  165  10:38  Zergling x12  
  171  10:49  Zergling x10  
  174  10:55  Zergling x2  
  174  10:56  Zergling x6  
  176  11:00  Baneling x7  
  176  11:02  Baneling  
  176  11:03  Baneling x9  
  165  11:04  Zergling x2  
  165  11:05  Zergling x16  
  174  11:12  Zergling x6  
  174  11:13  Zergling x10  
  182  11:22  Zergling x10  
  186  11:29  Zergling x2  
  186  11:30  Zergling x12  
  192  11:41  Baneling x18  
  192  11:42  Baneling  
  192  11:46  Baneling  
  192  11:47  Baneling x3  
  192  11:48  Hatchery  
  183  11:56  Zergling x24  
  187  12:10  Zergling x4  
  187  12:11  Zergling x22  
  187  12:21  Hydralisk  
Show
View Real Time Build Order
Export as new Build Order

ShoWTimE Protoss - Winner!

Build Orders: 1 Gate Expand, Oracle Opening 

Get SALT Encoding   

  12  0:00  Probe  
  13  0:12  Probe  
  14  0:17  Pylon  
  14  0:24  Probe (Chrono Boost)  
  15  0:36  Probe (Chrono Boost)  
  15  0:38  Gateway  
  16  0:45  Probe (Chrono Boost)  
  16  0:46  Assimilator  
  17  0:51  Probe  
  18  1:03  Probe  
  19  1:15  Probe  
  20  1:25  Nexus  
  20  1:27  Probe  
  21  1:38  Cybernetics Core  
  21  1:43  Assimilator  
  21  1:47  Probe  
  21  1:53  Pylon  
  22  1:59  Probe  
  23  2:11  Probe (Chrono Boost)  
  23  2:14  Adept  
  26  2:16  Stargate  
  26  2:21  Probe (Chrono Boost)  
  27  2:23  Warp Gate  
  27  2:27  Probe (Chrono Boost)  
  28  2:37  Probe (Chrono Boost)  
  30  2:44  Stalker  
  30  2:45  Probe (Chrono Boost)  
  30  2:47  Probe (Chrono Boost)  
  33  2:52  Probe x2 (Chrono Boost)  
  33  2:57  Oracle (Chrono Boost)  
  35  3:03  Probe  
  35  3:04  Probe  
  40  3:08  Pylon  
  40  3:15  Probe  
  40  3:16  Probe  
  42  3:23  Gateway  
  42  3:26  Oracle (Chrono Boost)  
  42  3:27  Probe  
  42  3:28  Probe  
  48  3:44  Nexus  
  48  3:47  Pylon  
  47  3:55  Twilight Council  
  47  3:59  Gateway  
  47  4:03  Gateway  
  47  4:05  Probe  
  47  4:06  Probe  
  47  4:09  Assimilator  
  49  4:13  Adept  
  51  4:23  Adept  
  53  4:25  Probe x2, Pylon  
  53  4:29  Resonating Glaives (Chrono Boost)  
  55  4:37  Probe x2  
  57  4:43  Adept x2  
  61  4:49  Probe x2  
  63  4:55  Pylon  
  63  4:56  Probe, Assimilator  
  63  4:58  Adept x2  
  68  5:01  Probe x2  
  68  5:04  Adept  
  68  5:05  Adept  
  74  5:08  Probe  
  74  5:13  Probe x2  
  77  5:15  Forge  
  77  5:19  Adept x2  
  80  5:24  Adept  
  80  5:25  Probe  
  80  5:27  Probe  
  83  5:29  Probe  
  83  5:32  Shield Battery  
  84  5:37  Probe  
  84  5:39  Probe  
  84  5:41  Sentry, Probe  
  84  5:42  Protoss Ground Weapons Level 1 (Chrono Boost)  
  89  5:43  Blink (Chrono Boost)  
  89  5:45  Pylon  
  89  5:48  Sentry  
  92  5:50  Probe  
  92  5:51  Probe  
  92  5:54  Probe  
  92  6:02  Probe  
  92  6:03  Probe  
  92  6:04  Sentry  
  92  6:06  Probe  
  84  6:14  Probe  
  84  6:15  Probe  
  84  6:19  Probe  
  84  6:21  Stalker x3  
  91  6:26  Probe  
  91  6:31  Nexus  
  91  6:32  Pylon  
  84  6:38  Photon Cannon  
  82  6:41  Phoenix (Chrono Boost)  
  82  6:42  Oracle (Chrono Boost), Gateway  
  82  6:43  Gateway  
  82  6:45  Gateway  
  85  6:49  Pylon  
  85  6:51  Stalker x3  
  91  6:55  Photon Cannon  
  91  6:58  Stalker  
  93  7:02  Probe x3  
  93  7:04  Shield Battery  
  96  7:10  Gateway  
  96  7:11  Pylon  
  96  7:17  Probe x2  
  96  7:21  Stalker x4  
  106  7:29  Robotics Facility  
  106  7:30  Charge (Chrono Boost)  
  106  7:39  Stalker x3  
  106  7:44  Stalker x3  
  114  7:48  Stalker  
  114  7:50  Pylon  
  120  7:55  Pylon  
  105  8:07  Stalker x2  
  105  8:08  Stalker x3  
  111  8:16  Warp Prism (Chrono Boost)  
  111  8:17  Gateway, Stalker x2  
  117  8:22  Probe x3  
  117  8:23  Probe  
  117  8:26  Stalker  
  123  8:38  Stalker x4  
  123  8:39  Zealot x2  
  123  8:40  Zealot  
  133  8:42  Protoss Ground Armor Level 1  
  123  8:57  Zealot  
  123  8:59  Probe  
  123  9:00  Probe x2  
  123  9:01  Zealot x7  
  140  9:08  Pylon  
  140  9:12  Pylon  
  138  9:18  Zealot x2  
  138  9:21  Zealot x4  
  138  9:22  Zealot x3  
  134  9:26  Probe x2  
  134  9:29  Probe  
  116  9:38  Probe x2  
  116  9:40  Gateway  
  116  9:41  Nexus  
  116  9:43  Gateway  
  115  9:47  Zealot x6  
  115  9:50  Zealot x3  
  133  9:56  Assimilator  
  133  9:58  Assimilator  
  133  10:06  Templar Archives  
  127  10:17  Probe x3  
  127  10:18  Probe, Assimilator  
  127  10:21  Gateway  
  131  10:22  Gateway, Assimilator  
  131  10:26  Zealot x9  
  149  10:35  Probe x3  
  151  10:37  Photon Cannon  
  151  10:40  Photon Cannon  
  151  10:42  Shield Battery  
  152  10:48  Gateway  
  151  10:50  High Templar x6  
  151  10:51  Gateway  
  151  10:55  Photon Cannon  
  151  10:56  Archon x3, Photon Cannon  
  161  10:57  Shield Battery  
  161  11:01  Photon Cannon  
  161  11:03  Photon Cannon  
  143  11:09  Shield Battery  
  143  11:11  Pylon  
  143  11:12  Zealot  
  143  11:13  Zealot x3  
  143  11:15  High Templar  
  143  11:18  High Templar  
  155  11:22  Archon, Forge  
  155  11:27  Stalker x5  
  165  11:35  High Templar x4  
  165  11:39  Assimilator  
  177  11:40  Archon x2, Immortal  
  177  11:43  Assimilator  
  177  11:44  Photon Cannon  
  177  11:45  Shield Battery  
  177  11:49  Pylon  
  175  11:58  Pylon  
  175  12:00  High Templar x2  
  175  12:01  Zealot  
  179  12:04  Archon  
  179  12:05  Pylon  
  179  12:10  Zealot x4  
  181  12:17  Zealot x4  
  181  12:18  Zealot x3  
  181  12:21  Probe  
  181  12:22  Zealot  
  142  12:31  Zealot x4  
Tags
 
Add a new tag
Caveats
  • Supply blocks, unpowered buildings, or Contaminate may cause inaccurate times.
  • Supply counts are checked every 10 seconds.